 Dungeon Crawl Stone Soup version 0.31-a0-204-g7da18cac08 (webtiles) character file.

Game seed: 10293767029097470873

142 qw the Skirmisher (level 5, -7/29 HPs)
             Began as a Deep Elf Hunter on June 27, 2023.
             Mangled by a black bear (8 damage)
             ... on level 3 of the Dungeon.
             The game lasted 00:00:50 (2317 turns).

qw the Skirmisher (Deep Elf Hunter)                 Turns: 2317, Time: 00:00:51

Health: -7/29      AC:  5    Str: 10    XL:     5   Next: 4%
Magic:  7/7        EV: 11    Int: 14    God:
Gold:   92         SH:  0    Dex: 18    Spells: 4/4 levels left

rFire   . . .        Y - +1 shortbow (flame)
rCold   . . .        (shield currently unavailable)
rNeg    . . .        d - +0 ring mail
rPois   .            (no helmet)
rElec   .            (no cloak)
rCorr   .            (no gloves)
SInv    .            (no boots)
Will    .....        (no amulet)
Stlth   +            (no ring)
HPRegen 0.24/turn    (no ring)
MPRegen 0.10/turn

%: no passive effects
@: no status effects
A: no striking features
a: no special abilities


You were on level 3 of the Dungeon.
You visited 1 branch of the dungeon, and saw 3 of its levels.

You collected 92 gold pieces.


   Skills:
 - Level 1.5 Fighting
 + Level 8.4 Ranged Weapons
 - Level 2.4 Dodging
 - Level 1.2 Stealth


You had 4 spell levels left.
You didn't know any spells.
Your spell library was empty.

Inventory:

Hand Weapons
 Y - a +1 shortbow of flaming (weapon)
Armour
 d - a +0 ring mail (worn)
Scrolls
 a - 4 scrolls of teleportation
 b - a scroll of identify
 f - a scroll of noise {unknown}
 h - a scroll of fog {unknown}
 j - a scroll of revelation {unknown}
Potions
 c - a potion of enlightenment {unknown}
 e - a potion of lignification {unknown}
 g - a potion of might
 i - a potion of heal wounds {unknown}
 k - a potion of degeneration {unknown}

Dungeon Overview and Level Annotations

Branches:
Dungeon (3/15)

Altars:

Annotations:
D:1 2 runed translucent doors


Message History

The black bear growls angrily.
Enter note:
Enter note: You shoot an arrow.
The arrow barely misses the black bear.
An orc comes into view. It is wielding a +0 club.
You shoot an arrow. The orc shouts!
The arrow hits the black bear.
The arrow burns the black bear.
The black bear is lightly wounded.
You shoot an arrow. The arrow hits the black bear!
The arrow burns the black bear.
The black bear is heavily wounded.
The orc suddenly cheers, as Orcs often do.
You shoot an arrow.
The arrow closely misses the black bear.
You shoot an arrow. The arrow hits the black bear.
The arrow burns the black bear.
The black bear is heavily wounded.
The black bear barely misses you.
The black bear claws you but does no damage.
The black bear misses you.
You shoot an arrow. The arrow hits the black bear.
The arrow burns the black bear.
The black bear is severely wounded.
The black bear misses you. The black bear claws you.
The black bear barely misses you.
You shoot an arrow. The arrow hits the black bear.
The arrow burns the black bear.
The black bear is almost dead.
The black bear goes berserk!
The black bear bites you! The black bear claws you.
The black bear closely misses you.
You shoot an arrow. The arrow barely misses the black bear.
The black bear misses you. The black bear barely misses you.
The black bear misses you. The orc hits you with a +0 club.
You shoot an arrow. The arrow hits the black bear.
The arrow burns the black bear.
The black bear is almost dead.
The black bear bites you! The black bear claws you.
The black bear barely misses you. The black bear bites you!
You die...

..... ..... ####.....
#........ #......#
#......# #######.h...###
........@o(.....
..###...........
....#...........
#.....%<.......
####...(.......)..
.............[....#.#
.####.............#.####
...#.............#.....#
.......#..........#####.)


You could see a black bear (berserk) and an orc.

Vanquished Creatures
  An orc wizard (D:3)
  3 gnolls (D:3)
  2 adders (D:2)
  An adder skeleton (D:2)
  A worm (D:3)
  4 orcs (D:3)
  4 ball pythons
  2 bat skeletons (D:2)
  4 endoplasms
  4 giant cockroaches
  3 goblins
  7 hobgoblins
  8 kobolds
  2 quokkas
  A ball python skeleton (D:2)
  A ball python zombie (D:2)
  8 bats
  A frilled lizard (D:2)
  4 rats
61 creatures vanquished.

Notes
Turn   | Place    | Note
-------+----------+-------------------------------------------
     0 | D:1      | qw the Deep Elf Hunter began the quest for the Orb.
     0 | D:1      | Reached XP level 1. HP: 12/12 MP: 3/3
     0 | D:1      | 0 ||| qw: Version: 0.3-a-22-g0ed2b0b
     0 | D:1      | 0 ||| qw: Game counter: 6444
     0 | D:1      | 0 ||| qw: Melee chars always use a shield: true
     0 | D:1      | 0 ||| qw: God list: Okawaru
     0 | D:1      | 0 ||| qw: Allow faded altars: false
     0 | D:1      | 0 ||| qw: Do Orc after clearing Dungeon:15 true
     0 | D:1      | 0 ||| qw: Do second Lair branch before Depths: true
     0 | D:1      | 0 ||| qw: Lair rune preference: random
     0 | D:1      | 0 ||| qw: Goals: Normal
     0 | D:1      | 0 ||| PLANNING D:1-11
    64 | D:1      | Found a large runed translucent door.
    64 | D:1      | Found a large runed translucent door.
    90 | D:1      | Reached skill level 6 in Ranged Weapons
    90 | D:1      | Reached XP level 2. HP: 16/16 MP: 4/4
   718 | D:1      | Reached XP level 3. HP: 20/20 MP: 5/5
   864 | D:1      | 864 ||| UPGRADING to +0 scale mail.
   874 | D:1      | 874 ||| DROPPING +0 leather armour.
   875 | D:1      | 875 ||| READING 3 scrolls labelled UCZAMUPR JAMA.
   942 | D:1      | 942 ||| READING scroll labelled XUXTICV CALU.
   943 | D:1      | 943 ||| DROPPING scroll of butterflies.
  1191 | D:2      | Reached skill level 7 in Ranged Weapons
  1875 | D:2      | 1875 ||| READING 2 scrolls labelled QOAVEMI XIDORO.
  1876 | D:2      | 1876 ||| READING scroll labelled REEMOG PURU PEKEFO.
  1877 | D:2      | 1877 ||| READING scroll labelled QEZUISTR JYSHRUV.
  1878 | D:2      | 1878 ||| READING scroll labelled BIACWY NAPNOSE.
  1879 | D:2      | 1879 ||| READING scroll labelled MUCRIT ODOI.
  1880 | D:2      | 1880 ||| DRINKING 2 yellow potions.
  1881 | D:2      | 1881 ||| DRINKING 2 black potions.
  1882 | D:2      | 1882 ||| DROPPING potion of brilliance.
  1884 | D:2      | 1884 ||| Stepping ~*~*~tactically~*~*~ (cloud).
  1891 | D:2      | HP: 5/20 [poisoned by you (poison gas)]
  1975 | D:3      | Reached XP level 4. HP: 25/25 MP: 6/6
  1994 | D:3      | HP: 4/25 [gnoll/+0 halberd (7)]
  1995 | D:3      | 1995 ||| READING 5 scrolls of teleportation.
  2117 | D:3      | Reached skill level 8 in Ranged Weapons
  2251 | D:3      | 2251 ||| UPGRADING to +0 ring mail.
  2266 | D:3      | 2266 ||| UPGRADING to +0 ring mail.
  2271 | D:3      | 2271 ||| DROPPING +0 scale mail.
  2285 | D:3      | Reached XP level 5. HP: 29/29 MP: 7/7
  2308 | D:3      | Noticed a black bear
  2317 | D:3      | HP: 6/29 [black bear (10)]
  2317 | D:3      | HP: 1/29 [black bear (5)]
  2317 | D:3      | Mangled by a black bear

Levels and vault maps discovered:
D:1:      erik_arrival_cave_to_civilisation [erik_arrival_cave_to_temple],
          layout_basic, minmay_curled_crystal, minivault_25
D:2:      layout_basic, serial_undead, serial_undead_f, serial_undead_c,
          serial_undead_f, serial_undead_a
D:3:      layout_rooms, serial_co_window_serial, co_window_corner_a,
          co_window_corner_a, co_window_of_opportunity_a, co_window_corner_a,
          co_window_cross_1, co_window_of_opportunity_b,
          co_window_of_opportunity_c, co_window_paths_c, glass_columns_a,
          glass_columns_a, glass_columns_b

Skill      XL: |  1  2  3  4 |
---------------+-------------+-----
Ranged Weapons | 6 7 8 |  8.4
Fighting       | |  1.5
Dodging        | |  2.4
Stealth        | |  1.2

Action                     |  1- 3 |  4- 6 || total
---------------------------+-------+-------++-------
   Fire: Shortbow          |   104 |    77 ||   181
    Use: Scroll            |     7 |     1 ||     8
         Potion            |     2 |       ||     2
 Armour: Leather armour    |     1 |       ||     1
         Scale mail        |    29 |    16 ||    45
         Ring mail         |       |     2 ||     2
  Dodge: Dodged            |    22 |    28 ||    50

Table legend:
 A = Non-vault XP
 B = Vault XP
 C = Vault XP percentage of total XP
 D = Non-vault monster count
 E = Vault monster count
 F = Vault count percentage of total count
                 A         B        C        D         E       F
            +---------+---------+-------+---------+---------+-------
      Total |     189 |      15 |   7.4 |      54 |       7 |  11.5
            +---------+---------+-------+---------+---------+-------
        D:1 |      37 |       4 |   9.8 |      21 |       2 |   8.7
        D:2 |      43 |      11 |  20.4 |      14 |       5 |  26.3
        D:3 |     109 |       0 |   0.0 |      19 |       0 |   0.0
            +---------+---------+-------+---------+---------+-------
